 Dungeon Crawl Stone Soup version 0.30-a0-29-g142975f185 (webtiles) character file.

Game seed: 11853996100067752341

27 purpskrrrp the Trooper (level 2, -3/24 HPs)
             Began as a Demonspawn Monk on Aug 26, 2022.
             Was a Believer of Kikubaaqudgha.
             Slain by a kobold
             ... wielding a +0 club
              (4 damage)
             ... on level 2 of the Dungeon.
             The game lasted 00:02:29 (1666 turns).

purpskrrrp the Trooper (Demonspawn Monk)            Turns: 1666, Time: 00:02:31

Health: -3/24      AC:  2    Str: 11    XL:     2   Next: 93%
Magic:  2/2        EV: 13    Int: 11    God:    Kikubaaqudgha [**....]
Gold:   43         SH:  0    Dex: 15    Spells: 1/1 levels left

rFire   + . .      SeeInvis .    a - +0 mace
rCold   + . .      Faith    .    (no shield)
rNeg    . . .      Spirit   .    b - +0 robe
rPois   .          Reflect  .    (no helmet)
rElec   .          Harm     .    j - scarf {rC+ rF+}
rCorr   +          Rampage  .    (no gloves)
Will    .....                    (no boots)
Stlth   ++........               (no amulet)
HPRegen 0.08/turn                k - ring of resist corrosion
MPRegen 0.16/turn                (no ring)

@: no status effects
A: magic regeneration
a: Renounce Religion, Unearth Wretches


You were on level 2 of the Dungeon.
You worshipped Kikubaaqudgha.
Kikubaaqudgha was pleased with you.
You visited 1 branch of the dungeon, and saw 2 of its levels.

You collected 43 gold pieces.

Inventory:

Hand Weapons
 a - a +0 mace (weapon)
Armour
 b - a +0 robe (worn)
 j - a scarf of resistance (worn)
Jewellery
 k - a ring of resist corrosion (left hand)
Scrolls
 f - 3 scrolls of teleportation
 i - 2 scrolls of fog
Potions
 c - a potion of ambrosia
 d - a potion of degeneration {unknown}
 e - 2 potions of attraction {unknown}
 g - a potion of berserk rage {unknown}
 h - a potion of heal wounds {unknown}


   Skills:
 + Level 3.3 Fighting
 + Level 3.0 Maces & Flails
 + Level 3.0 Dodging
 + Level 2.2 Stealth


You had one spell level left.
You didn't know any spells.
Your spell library contained the following spells:

 Spells                   Type           Power      Damage    Failure   Level
 Necrotise                Necr           0%         1d4       34%         1
 Vampiric Draining        Necr           0%         2d6       71%         3
 Anguish                  Hex/Necr       0%         N/A       98%         4
 Animate Dead             Necr           0%         N/A       98%         4


Dungeon Overview and Level Annotations

Branches:
Dungeon (2/15)

Altars:
Kikubaaqudgha


Innate Abilities, Weirdness & Mutations

You regenerate magic rapidly.


Message History

You barely miss the kobold. The kobold barely misses you.
The adder barely misses you.
You hit the adder but do no damage. The kobold closely misses you.
The adder bites you but does no damage.
You miss the adder. The adder misses you. The kobold barely misses you.
The adder bites you.
You barely miss the adder. The kobold closely misses you. The adder bites you.
The kobold misses you.
You hit the adder.
The adder is moderately wounded.
The adder closely misses you. The adder bites you.
The kobold hits you with a +0 club.
You hit the adder.
The adder is severely wounded.
The adder barely misses you. The kobold hits you but does no damage.
The adder bites you.
You are poisoned.
The adder poisons you!
You barely miss the adder.
The adder is severely wounded.
You feel sick. The kobold hits you with a +0 club.
* * * LOW HITPOINT WARNING * * *
The adder bites you.
* * * LOW HITPOINT WARNING * * *
The kobold hits you with a +0 club.
* * * LOW HITPOINT WARNING * * *
You closely miss the adder.
The adder is severely wounded.
* * * LOW HITPOINT WARNING * * *
You feel sick. The adder completely misses you.
The adder bites you but does no damage. The kobold misses you.
You don't have enough magic capacity.
You closely miss the adder.
The adder is severely wounded.
* * * LOW HITPOINT WARNING * * *
You feel sick.
You are no longer poisoned.
The adder barely misses you. The kobold hits you with a +0 club.
You die...
Kikubaaqudgha rasps: "You have failed me!
Welcome... death!"

..####......
....|...# #..#####
#........ #.## #
###.#.....# ##.# #
§§..#.....##
###..#
.§§........#
#...##
§§§........###.###
§§§...S....##..#
§§§§..K@......##
§§.§.....######
.§§..$#### ######


You could see an adder and a kobold.

Vanquished Creatures
  An adder (D:2)
  2 endoplasms (D:1)
  2 jackals (D:1)
  3 quokkas (D:1)
  A ball python (D:2)
  2 bats (D:1)
  A jackal skeleton (D:2)
  3 kobolds (D:1)
  5 rats
20 creatures vanquished.

Notes
Turn   | Place    | Note
-------+----------+-------------------------------------------
     0 | D:1      | purpskrrrp the Demonspawn Monk began the quest for the Orb.
     0 | D:1      | Reached XP level 1. HP: 18/18 MP: 1/1
   604 | D:1      | Gained mutation: You regenerate magic rapidly. [demonic
                  | ancestry]
   604 | D:1      | Reached XP level 2. HP: 23/24 MP: 2/2
  1036 | D:1      | Found a faded altar of an unknown god.
  1169 | D:1      | Prayed at the altar of an unknown god.
  1169 | D:1      | Became a worshipper of Kikubaaqudgha
  1169 | D:1      | Reached * piety under Kikubaaqudgha
  1169 | D:1      | Received a gift from Kikubaaqudgha
  1169 | D:1      | Reached ** piety under Kikubaaqudgha
  1666 | D:2      | HP: 1/24 [poisoned by an adder]
  1666 | D:2      | Slain by a kobold

Illustrated notes

Levels and vault maps discovered:
D:1:      dpeg_arrival_round_a, layout_loops_corners,
          dilly_ecumenical_altar_fadedgnrine, chequers_serial_rivers_micro_b,
          minmay_misc_feat_pillars
D:2:      layout_rooms, serial_undead, serial_undead_d, serial_undead_c,
          serial_undead_a, serial_undead_a

Skill      XL: |  1  2 |
---------------+-------+-----
Stealth        | 2 |  2.2
Maces & Flails | 3 |  3.0
Dodging        | 3 |  3.0
Fighting       | |  3.3

Action                   || total
-------------------------++-------
Melee: Mace              ||    66
  Use: Scroll            ||     4
 Stab: Sleeping          ||     7
Armor: Robe              ||    12
Dodge: Dodged            ||    52

Table legend: (Time is in decaauts)
 A = Elapsed time spent in this place.
 B = Non-inter-level travel time spent in this place.
 C = Inter-level travel time spent in this place.
 D = Time resting spent in this place.
 E = Time spent auto-exploring this place.
 F = Levels seen in this place.
 G = Mean time per level.
                   A        B        C        D        E       F      G
               +--------+--------+--------+--------+--------+-----+--------+
         Total |   1682 |   1662 |     20 |    199 |   1154 |   2 |  841.0 |
       Dungeon |   1682 |   1662 |     20 |    199 |   1154 |   2 |  841.0 |
               +--------+--------+--------+--------+--------+-----+--------+

Top non-repeatable levels by time:
     D:1: 1488 daAuts
     D:2: 194 daAuts
